 Dungeon Crawl Stone Soup version 0.28-a0-823-gb444dcf96d (webtiles) character file.

Game seed: 11286015821972878391

25012 grnl the Unseen (level 12, -2/62 HPs)
             Began as a Spriggan Enchanter on Nov 10, 2021.
             Was an Elder of Dithmenos.
             Slain by Urug (4 damage)
             ... on level 13 of the Dungeon.
             The game lasted 00:40:20 (17368 turns).

grnl the Unseen (Spriggan Enchanter)               Turns: 17368, Time: 00:40:21

Health: -2/62      AC: 12    Str: 10    XL:     12   Next: 85%
Magic:  18/35      EV: 25    Int: 22    God:    Dithmenos [****..]
Gold:   915        SH:  0    Dex: 20    Spells: 19/35 levels left

rFire   + . .      SeeInvis +   m - +6 rapier of Qocroukodd {vorpal, *Noise MP+9 Int+5}
rCold   . . .      Faith    .   (shield restricted)
rNeg    . . .      Spirit   .   E - +2 steam dragon scales
rPois   .          Reflect  .   (helmet restricted)
rElec   .          Harm     .   d - +2 cloak {Stlth+}
rCorr   .          Rampage  .   (gloves unavailable)
Will    ++...      Rage     1%  (boots unavailable) Stlth *+++++++++
                                p - amulet of magic regeneration
HPRegen 0.20/turn               w - +6 ring of dexterity
MPRegen 0.49/turn               F - ring of protection from fire

@: radiating poison, very slightly contaminated, wreathed by umbra, studying
Bows, very quick
A: very small, no large weapons, unfitting armour, see invisible, speed 3, horns
1, iridescent scales 1, berserk 1, clumsy 1, low mp 1, strong 1
a: Renounce Religion, Shadow Step


You were on level 13 of the Dungeon.
You worshipped Dithmenos.
Dithmenos was greatly pleased with you.
You visited 2 branches of the dungeon, and saw 14 of its levels.
You also visited: Sewer.

You collected 915 gold pieces.

Inventory:

Hand Weapons
 c - a +5 dagger of venom
 m - the +6 rapier of Qocroukodd (weapon) {vorpal, *Noise MP+9 Int+5}
   (You found it on level 7 of the Dungeon)

   It inflicts extra damage upon your enemies.
   Int:       It affects your intelligence (+5).
   MP:        It affects your magic capacity (+9).
   *Noise:    It may make noises in combat.
 B - a +2 dagger of protection
Missiles
 l - 9 poisoned darts (quivered)
 s - a throwing net
Armour
 d - a +2 cloak of stealth (worn)
 E - +2 steam dragon scales (worn)
 G - a +2 robe of cold resistance
Jewellery
 p - an amulet of magic regeneration (around neck)
 w - a +6 ring of dexterity (left hand)
 F - a ring of protection from fire (right hand)
Wands
 a - a wand of flame (52)
 v - a wand of paralysis (17)
 D - a wand of charming (9)
Scrolls
 n - 2 scrolls of blinking
 o - 3 scrolls of fear
 r - 2 scrolls of brand weapon
 u - 2 scrolls of fog
 x - a scroll of teleportation
 y - a scroll of amnesia
Potions
 b - 3 potions of haste
 e - 6 potions of heal wounds
 f - 6 potions of curing
 g - a potion of attraction
 h - 4 potions of flight
 i - 4 potions of brilliance
 j - 3 potions of cancellation
 k - a potion of invisibility
 t - 2 potions of resistance {unknown}
 z - a potion of magic {unknown}
 A - 2 potions of might
 C - a potion of lignification {unknown}
Miscellaneous
 q - a phial of floods


   Skills:
 + Level 6.3 Fighting
 + Level 8.5 Short Blades
 + Level 10.4 Dodging
 + Level 15.0 Stealth
 + Level 12.4 Spellcasting
 + Level 12.4 Hexes
 - Level 4.0 Poison Magic


You had 19 spell levels left.
You knew the following spells:

 Your Spells              Type           Power      Damage    Failure   Level
a - Ensorcelled Hibernat  Hex/Ice        82%        N/A       1%          2
b - Tukima's Dance        Hex            62%        N/A       1%          3
c - Dazzling Flash        Conj/Hex       82%        N/A       1%          3
d - Olgreb's Toxic Radia  Pois           31%        N/A       9%          4
e - Animate Skeleton      Necr           26%        N/A       4%          1
f - Summon Guardian Gole  Hex/Summ       41%        N/A       1%          3

Your spell library contained the following spells:

 Spells                   Type           Power      Damage    Failure   Level
 Sting                    Tmut/Pois      88%        1d7       1%          1
 Confusing Touch          Hex            62%        N/A       1%          3
 Poisonous Vapours        Pois/Air       44%        N/A       3%          2
 Apportation              Tloc           26%        N/A       4%          1
 Pain                     Necr           52%        1d6       4%          1
 Summon Small Mammal      Summ           52%        N/A       4%          1
 Vampiric Draining        Necr           13%        2d6       14%         3
 Orb of Destruction       Conj           6%         9d3       100%        7
 Spellforged Servitor     Conj/Summ      6%         N/A       100%        7


Dungeon Overview and Level Annotations

Branches:
Dungeon (13/15)            Temple (1/1) D:7            Lair (0/6) D:10
    Orc (0/2) D:11         Vaults (0/5) D:13          Sewer (visited)

Altars:
Ashenzari
Cheibriados
Dithmenos
Elyvilon
Gozag
Hepliaklqana
Kikubaaqudgha
Makhleb
Nemelex Xobeh
Okawaru
Ru
Sif Muna
Trog
Uskayaw
Vehumet
Wu Jian
Xom
Yredelemnul
Zin
The Shining One
Jiyva

Shops:
D:6 [

Portals:
Trove: D:11 (give 15 potions of curing)

Annotations:
D:4 1 runed translucent door
D:13 Urug


Innate Abilities, Weirdness & Mutations

You are very small and have problems with some larger weapons.
You are too small for most types of armour.
You have supernaturally acute eyesight. (SInv)
You cover ground extremely quickly. (Speed+++)
You have a pair of small horns on your head.
You are partially covered in iridescent scales. (AC +2)
You tend to lose your temper in combat.
You are clumsy. (Dex -2)
Your magical capacity is low. (-10% MP)
Your muscles are strong. (Str +2)


Message History

The centaur warrior shoots an arrow.
The arrow misses you. The human hits you.
Unknown command.
Unknown command.
Unknown command.
Casting: Olgreb's Toxic Radiance (dangerous; 9% risk of failure)
Confirm with . or Enter, or press ? or * to list all spells.
You miscast Olgreb's Toxic Radiance.
Nothing appears to happen.
The deep elf archer looks as sick as possible!
The human looks as sick as possible!
The two-headed ogre looks as sick as possible!
Urug looks as sick as possible!
The human looks as sick as possible!
The centaur warrior looks as sick as possible!
The deep elf archer completely misses you.
Urug completely misses you. The human misses you.
The human completely misses you.
Unknown command.
Unknown command.
Unknown command.
Unknown command.
Unknown command.
Casting: Olgreb's Toxic Radiance (dangerous; 9% risk of failure)
Confirm with . or Enter, or press ? or * to list all spells.
Your toxic radiance grows in intensity.
You kill the human!
Dithmenos accepts your kill.
The two-headed ogre looks as sick as possible!
The human looks as sick as possible!
Urug looks as sick as possible!
You kill the human!
Dithmenos accepts your kill.
The centaur warrior looks as sick as possible!
The centaur warrior unwields a +0 shortbow.
The centaur warrior hits you!
* * * LOW HITPOINT WARNING * * *
The centaur warrior closely misses you.
The deep elf archer gestures wildly while chanting.
The deep elf archer blinks!
Urug hits you with a +1 war axe of freezing!
* * * LOW HITPOINT WARNING * * *
Urug freezes you.
You die...

#...........
##..(....$.. .#
...........##.#
#...........†##
#..............
#.............#
#...?.†.......#
#.....@§O.....#
#....co<....e.#
#.............#
#......†......#
#.............#
#.............#
#.#############
..


You could see Urug (extremely poisoned), a centaur warrior (extremely poisoned),
a two-headed ogre (extremely poisoned) and a deep elf archer (repels missiles,
extremely poisoned).

Vanquished Creatures
  The ghost of Multipenetrator the Warrior, a journeyman DsDe of Okawaru (D:10)
  2 boulder beetles
  5 two-headed ogres
  Nergalle (D:11)
  A deep elf pyromancer (D:12)
  A deep elf zephyrmancer (D:12)
  A cyclops (D:12)
  A manticore (D:12)
  10 slime creatures
  2 ugly things
  2 gargoyles
  An unseen horror (D:11)
  Maggie (D:9)
  A komodo dragon (D:11)
  The ghost of sqbi the Conjurer, a novice GrFE (D:5)
  A hornet (D:10)
  3 trolls
  Grinder (D:3)
  Prince Ribbit (D:8)
  The ghost of dosdet the Grave Robber, an amateur DENe of Dithmenos (D:4)
  2 wraiths (D:11)
  3 shadows (D:11)
  16 humans
  Grum (D:11)
  A vampire (D:12)
  5 yaks
  A steam dragon (D:8)
  9 vampire mosquitoes (D:12)
  3 wargs
  2 acid dragons
  A water moccasin (D:7)
  6 orc warriors
  A black bear (D:4)
  5 sky beasts
  2 necrophages
  An ice beast (D:7)
  2 wolves (D:11)
  2 ogres
  3 centaurs
  A phantom (D:11)
  2 kobold brigands
  Blork the orc (D:4)
  2 scorpions (D:4)
  6 bullfrogs
  2 gnoll sergeants
  2 troll zombies (D:11)
  A water moccasin skeleton (D:5)
  13 killer bees
  4 wights
  2 howler monkeys
  4 jellies
  5 centaur zombies
  A hound (D:6)
  9 orc priests
  Crazy Yiuf (D:2)
  2 bullfrog skeletons
  3 iguanas
  Natasha (thrice) (D:2)
  Terence (D:3)
  12 orc wizards
  6 ogre zombies (D:11)
  2 hound skeletons (D:4)
  8 gnolls
  7 adders
  5 river rats (Sewer)
  2 ufetubi
  A dart slug (D:3)
  2 worms
  35 orcs
  7 ball pythons
  8 endoplasms
  9 giant cockroaches
  10 hobgoblins
  A jackal (D:3)
  18 kobolds
  2 quokkas
  5 bats
  11 frilled lizards
  8 goblins
  A goblin zombie (D:11)
  2 hobgoblin skeletons (D:11)
  2 hobgoblin zombies (D:11)
  2 orc skeletons (D:11)
  18 orc zombies (D:11)
  16 rats
369 creatures vanquished.

Vanquished Creatures (collateral kills)
  2 orc warriors
  An ogre (D:5)
  7 wights
  An orc priest (D:7)
  An orc wizard (D:8)
  2 gnolls (D:6)
  9 orcs
  A kobold (D:8)
24 creatures vanquished.

Vanquished Creatures (others)
  11 dancing weapons
  2 orcs
  39 plants
52 creatures vanquished.

Grand Total: 445 creatures vanquished

Notes
Turn   | Place    | Note
-------+----------+-------------------------------------------
     0 | D:1      | grnl the Spriggan Enchanter began the quest for the Orb.
     0 | D:1      | Reached XP level 1. HP: 9/9 MP: 5/5
   205 | D:1      | Found a faded altar of an unknown god.
   257 | D:1      | Reached XP level 2. HP: 10/13 MP: 7/7
   260 | D:1      | Learned a level 2 spell: Ensorcelled Hibernation
   774 | D:2      | Reached XP level 3. HP: 11/16 MP: 2/9
   894 | D:2      | Noticed Natasha
   901 | D:2      | Killed Natasha
   902 | D:2      | Reached skill level 5 in Hexes
   902 | D:2      | Reached XP level 4. HP: 21/21 MP: 11/11
   926 | D:2      | Noticed Natasha
   963 | D:2      | Killed Natasha
  1059 | D:1      | Learned a level 3 spell: Tukima's Dance
  1063 | D:1      | Learned a level 3 spell: Dazzling Flash
  1068 | D:1      | Learned a level 4 spell: Olgreb's Toxic Radiance
  1637 | D:2      | Noticed Natasha
  1644 | D:2      | Killed Natasha
  1645 | D:2      | Reached skill level 5 in Spellcasting
  1645 | D:2      | Reached XP level 5. HP: 17/24 MP: 11/13
  1774 | D:2      | Found a runed translucent door.
  1775 | D:2      | Noticed Crazy Yiuf
  1788 | D:2      | Killed Crazy Yiuf
  1789 | D:2      | Reached skill level 1 in Poison Magic
  2262 | D:3      | Noticed a phantom
  2283 | D:3      | Found a glowing drain.
  2297 | Sewer    | Entered a sewer
  2937 | Sewer    | Reached XP level 6. HP: 28/28 MP: 14/14
  3058 | D:3      | Found a glowing silver altar of Zin.
  3275 | D:3      | You fall into a shaft and drop 2 floors!
  3275 | D:5      | Entered Level 5 of the Dungeon
  3390 | D:5      | Found an iron altar of Okawaru.
  3494 | D:5      | Reached skill level 5 in Stealth
  3578 | D:4      | Found a basalt altar of Yredelemnul.
  3611 | D:4      | Found a shimmering blue altar of Sif Muna.
  3669 | D:4      | Found a snail-covered altar of Cheibriados.
  3700 | D:4      | Found an opulent altar of Gozag.
  3849 | D:3      | Noticed Grinder
  3849 | D:3      | Noticed Terence
  4196 | D:3      | Learned a level 1 spell: Animate Skeleton
  4200 | D:3      | Noticed a sky beast
  4204 | D:3      | Killed a sky beast
  4205 | D:3      | Reached XP level 7. HP: 32/32 MP: 13/16
  4620 | D:3      | Killed Terence
  4637 | D:3      | Killed Grinder
  4638 | D:3      | Reached skill level 6 in Stealth
  5115 | D:4      | Reached skill level 7 in Stealth
  5210 | D:4      | Noticed a yak
  5212 | D:4      | Noticed a yak
  5220 | D:4      | Noticed a yak
  5220 | D:4      | Noticed a yak
  5232 | D:4      | Noticed a yak
  5282 | D:4      | Killed a yak
  5283 | D:4      | Reached XP level 8. HP: 7/36 MP: 12/19
  5568 | D:4      | Reached skill level 8 in Stealth
  5949 | D:4      | Found a runed translucent door.
  5951 | D:4      | Noticed Blork the orc
  5968 | D:4      | Killed Blork the orc
  5988 | D:4      | Noticed dosdet's ghost (amateur DENe)
  6134 | D:4      | Reached skill level 9 in Stealth
  6204 | D:4      | Killed dosdet's ghost
  6371 | D:4      | Found a runed translucent door.
  6672 | D:5      | Reached XP level 9. HP: 36/39 MP: 22/22
  6726 | D:5      | Reached skill level 10 in Stealth
  6812 | D:5      | Found a runed translucent door.
  6814 | D:5      | Noticed sqbi's ghost (novice GrFE)
  6914 | D:5      | Killed sqbi's ghost
  7123 | D:5      | Reached skill level 1 in Fighting
  7649 | D:6      | Found Zoiroth's Armour Boutique.
  9031 | D:7      | Reached skill level 11 in Stealth
  9051 | D:7      | Reached skill level 5 in Dodging
  9090 | D:7      | Reached XP level 10. HP: 40/46 MP: 16/24
  9432 | D:7      | Identified the +6 rapier of Qocroukodd {vorpal, *Noise MP+9
                  | Int+5}
  9503 | D:7      | Found a staircase to the Ecumenical Temple.
  9513 | Temple   | Entered the Ecumenical Temple
  9617 | Temple   | Became a worshipper of Dithmenos the Shadowed
 10377 | D:8      | Noticed a two-headed ogre
 10436 | D:8      | Killed a two-headed ogre
 10437 | D:8      | Reached skill level 10 in Hexes
 10523 | D:8      | Noticed Prince Ribbit
 10530 | D:8      | Killed Prince Ribbit
 10531 | D:8      | Reached skill level 10 in Spellcasting
 10671 | D:8      | Reached * piety under Dithmenos
 11162 | D:9      | Reached skill level 12 in Stealth
 11166 | D:9      | Learned a level 3 spell: Summon Guardian Golem
 11260 | D:9      | Noticed a two-headed ogre
 11286 | D:9      | Reached skill level 5 in Short Blades
 11310 | D:9      | Killed a two-headed ogre
 11481 | D:9      | Noticed Maggie
 11488 | D:9      | Killed Maggie
 11776 | D:9      | Reached XP level 11. HP: 53/53 MP: 26/26
 12171 | D:10     | Entered Level 10 of the Dungeon
 12175 | D:10     | Reached ** piety under Dithmenos
 12179 | D:10     | Found a staircase to the Lair.
 12521 | D:10     | Identified the +5 morningstar of Impermanence {holy, rElec
                  | rC- rCorr Stlth+}
 12587 | D:10     | Gained mutation: You tend to lose your temper in combat.
                  | [potion of mutation]
 12587 | D:10     | Gained mutation: You are clumsy. (Dex -2) [potion of
                  | mutation]
 12587 | D:10     | Gained mutation: You are partially covered in iridescent
                  | scales. (AC +2) [potion of mutation]
 12588 | D:10     | Lost mutation: You tend to lose your temper in combat.
                  | [potion of mutation]
 12588 | D:10     | Gained mutation: Your magical capacity is low. (-10% MP)
                  | [potion of mutation]
 12588 | D:10     | Gained mutation: You tend to lose your temper in combat.
                  | [potion of mutation]
 12588 | D:10     | Gained mutation: Your muscles are strong. (Str +2) [potion
                  | of mutation]
 12588 | D:10     | Gained mutation: You have a pair of small horns on your
                  | head. [potion of mutation]
 13111 | D:10     | Noticed a two-headed ogre
 13114 | D:10     | Killed a two-headed ogre
 13249 | D:10     | Reached skill level 13 in Stealth
 13874 | D:10     | Found a runed translucent gate.
 13874 | D:10     | Found a runed translucent gate.
 13877 | D:10     | Noticed Multipenetrator's ghost (journeyman DsDe)
 13878 | D:10     | Found a runed translucent gate.
 13881 | D:10     | Found a viscous altar of Jiyva.
 13887 | D:10     | Killed Multipenetrator's ghost
 14125 | D:11     | Found a staircase to the Orcish Mines.
 14127 | D:11     | Noticed a red ugly thing
 14369 | D:11     | Reached *** piety under Dithmenos
 14370 | D:11     | Reached skill level 5 in Fighting
 14375 | D:11     | Noticed Nergalle
 14394 | D:11     | Killed Nergalle
 14568 | D:11     | Found a portal to a secret trove of treasure.
 14573 | D:11     | Noticed a two-headed ogre
 14579 | D:11     | Killed a red ugly thing
 14704 | D:11     | Killed a two-headed ogre
 14705 | D:11     | Reached XP level 12. HP: 14/60 MP: 25/25
 14966 | D:11     | Noticed Grum
 14992 | D:11     | Noticed a boulder beetle
 14993 | D:11     | Killed Grum
 15011 | D:11     | Killed a boulder beetle
 15012 | D:11     | Reached skill level 14 in Stealth
 15615 | D:11     | Reached **** piety under Dithmenos
 16388 | D:12     | Noticed a boulder beetle
 16388 | D:12     | Noticed a two-headed ogre
 16394 | D:12     | Killed a two-headed ogre
 16399 | D:12     | Killed a boulder beetle
 16842 | D:12     | Reached skill level 10 in Dodging
 17287 | D:13     | Noticed a two-headed ogre
 17287 | D:13     | Noticed Urug
 17287 | D:13     | Noticed a centaur warrior
 17287 | D:13     | Found a gate to the Vaults.
 17298 | D:12     | Reached skill level 15 in Stealth
 17368 | D:13     | HP: 2/62 [Urug (9)]
 17368 | D:13     | Slain by Urug

Illustrated notes

Levels and vault maps discovered:
D:1:      wander_arrival_fairy_ring, layout_basic,
          hellmonk_ecumenical_altar_run_dry
D:2:      layout_basic, lemuel_another_geyser, uniq_natasha,
          uniq_crazy_yiuf_cottage
D:3:      corexii_shack_village, layout_loops_ring, old_standard_altar,
          gup_sewer_entry_bowl, minmay_randomly_rotated_circles, uniq_grinder,
          uniq_terence
D:4:      layout_gridville, mainiacjoe_overflow_catwalk_spiral, minitemple,
          ebering_ghost_sewer_f, serial_bayou_lagoon_a, uniq_blork_the_orc
D:5:      layout_gridville, mainiacjoe_overflow_tiny_flanked,
          hellmonk_ghost_happy_afterlife
D:6:      layout_basic, serial_shops, shop_coins
D:7:      layout_loops_corners, lemuel_temple_firewalk_b,
          hangedman_decor_opposing
D:8:      kennysheep_ambush_hall, layout_basic, minivault_24,
          uniq_prince_ribbit1
D:9:      layout_small_grid, uniq_maggie
D:10:     layout_basic, erik_lair_orcish_takeover, gammafunk_ghost_ooze,
          hangedman_abyss_or_decor_passed
D:11:     layout_basic, zombieorc2_lemuel, enter_trove_1, grunt_ministairs_11,
          uniq_grum, uniq_nergalle
D:12:     kennysheep_blocky_hall, layout_irregular_city, billiards_dpeg
D:13:     layout_rooms, david_vaults_3, uniq_nessos
Temple:   regret_index_temple_sphere_string

Skill      XL: |  1  2  3  4  5  6  7  8  9 10 11 12 |
---------------+-------------------------------------+-----
Spellcasting   | 3 4 5 7 8 9 10 11 12 | 12.4
Hexes          | 4 5 6 7 8 9 10 11 12 | 12.4
Poison Magic   | 3 4 |  4.0
Stealth        | 5 7 9 11 12 13 15 | 15.0
Dodging        | 5 7 9 10 | 10.4
Short Blades   | 3 5 7 8 |  8.5
Fighting       | 2 3 5 6 |  6.3

Action                   |  1- 3 |  4- 6 |  7- 9 | 10-12 || total
-------------------------+-------+-------+-------+-------++-------
Melee: Dagger            |    62 |   217 |   393 |   446 ||  1118
       Headbutt          |       |       |       |    87 ||    87
       Rapier            |       |       |       |   171 ||   171
Throw: Dart              |       |       |     1 |       ||     1
 Cast: Ensorcelled Hiber |     4 |     5 |    24 |    72 ||   105
       Tukima's Dance    |       |     8 |    23 |    27 ||    58
       Dazzling Flash    |       |       |     5 |     1 ||     6
       Animate Skeleton  |       |       |     5 |     5 ||    10
       Olgreb's Toxic Ra |       |       |       |    19 ||    19
       Summon Guardian G |       |       |       |     5 ||     5
Invok: Shadow Step       |       |       |       |     1 ||     1
  Use: Potion            |     1 |       |       |     6 ||     7
       Scroll            |       |    12 |     9 |     7 ||    28
 Stab: Sleeping          |     8 |    34 |    29 |    74 ||   145
       Invisible         |     2 |       |     1 |     2 ||     5
       Distracted        |       |     1 |     2 |     5 ||     8
Armor: Robe              |     4 |    38 |    72 |    18 ||   132
       Steam dragon scal |       |       |       |    66 ||    66
Dodge: Dodged            |    43 |   135 |   268 |   706 ||  1152

Table legend: (Time is in decaauts)
 A = Elapsed time spent in this place.
 B = Non-inter-level travel time spent in this place.
 C = Inter-level travel time spent in this place.
 D = Time resting spent in this place.
 E = Time spent auto-exploring this place.
 F = Levels seen in this place.
 G = Mean time per level.
                   A        B        C        D        E       F      G
               +--------+--------+--------+--------+--------+-----+--------+
         Total |  13612 |  13297 |    315 |   3252 |   7096 |  15 |  907.5 |
       Dungeon |  12930 |  12623 |    307 |   3013 |   6793 |  13 |  994.6 |
        Temple |     71 |     63 |      8 |      0 |     51 |   1 |   71.0 |
         Sewer |    610 |    610 |      0 |    239 |    251 |   1 |  610.0 |
               +--------+--------+--------+--------+--------+-----+--------+

Top non-repeatable levels by time:
    D:11: 1686 daAuts
     D:4: 1552 daAuts
    D:10: 1269 daAuts
     D:7: 1189 daAuts
     D:8: 1141 daAuts
     D:5: 1105 daAuts
     D:3: 1016 daAuts
     D:2: 907 daAuts
     D:6: 809 daAuts
     D:1: 773 daAuts
    D:12: 752 daAuts
     D:9: 713 daAuts
   Sewer: 610 daAuts
  Temple: 71 daAuts
    D:13: 13 daAuts
